 Dungeon Crawl Stone Soup version 0.17-a0-2122-g03d97ec (webtiles) character file.

1308 brucemayne the Cleaver (level 8, -11/64 HPs)
             Began as a Hill Orc Berserker on Oct 21, 2015.
             Was a Believer of Trog.
             Mangled by a yak (15 damage)
             ... on level 8 of the Dungeon.
             The game lasted 00:06:51 (1949 turns).

brucemayne the Cleaver (Hill Orc Berserker)         Turns: 1949, Time: 00:06:51

Health: -11/64     AC:  7    Str: 21    XL:     8   Next: 58%
Magic:  8/8        EV: 10    Int:  8    God:    Trog [**....]
Gold:   114        SH:  0    Dex: 10    Spells: 0 memorised, 7 levels left

rFire  . . .     SeeInvis .     a - +0 hand axe
rCold  . . .     Clarity  .     p - +0 scale mail
rNeg   + . .     SustAt   +     (no shield)
rPois  .         Gourm    .     (no helmet)
rElec  .         Spirit   .     B - +0 cloak (curse)
rCorr  .         Warding  .     (no gloves)
rMut   .         Stasis   .     (no boots)
MR     .....                    (no amulet)
Stlth  ..........               u - ring of positive energy
                                i - ring of sustain attributes

@: exhausted, slowed, very slow, not resistant to hostile enchantments,
extremely unstealthy
A: no striking features
a: Berserk, Trog's Hand, Burn Spellbooks, Renounce Religion


You were on level 8 of the Dungeon.
You worshipped Trog.
Trog was pleased with you.
You were near starving.

You visited 1 branch of the dungeon, and saw 8 of its levels.

You collected 114 gold pieces.

Inventory:

Hand Weapons
 a - a +0 hand axe (weapon)
Missiles
 x - 20 poisoned needles
Armour
 b - a +0 animal skin
 e - a +0 ring mail
 p - a +0 scale mail (worn)
 q - a cursed -1 chain mail
 B - a cursed +0 cloak (worn)
Magical Staves
 n - an uncursed staff of summoning {unknown}
Jewellery
 f - an uncursed amulet of stasis
 i - a ring of sustain attributes (left hand)
 s - an uncursed ring of flight
 u - a ring of positive energy (right hand)
 y - an uncursed ring of stealth
Wands
 w - a wand of flame (16)
Scrolls
 d - a scroll of immolation
 h - 2 scrolls of identify {unknown}
 j - a scroll of remove curse {unknown}
 k - a scroll of random uselessness {unknown}
 m - a scroll of enchant armour {unknown}
 o - a scroll of recharging {unknown}
Potions
 l - a potion of resistance {unknown}
 t - a potion of cure mutation {unknown}
Comestibles
 c - 4 bread rations
 r - 3 meat rations
 v - 3 chunks of flesh
 z - a slice of pizza
 A - a beef jerky


   Skills:
 - Level 3.6 Fighting
 + Level 13.2 Axes
 - Level 2.1 Armour
 - Level 1.5 Dodging


You had 7 spell levels left.
You didn't know any spells.

Dungeon Overview and Level Annotations

Branches:
Dungeon (8/15)
 Temple: D:4-7         Lair: D:8-11

Altars:
Gozag
Yredelemnul
Zin


Message History

You are exhausted.
You feel yourself slow down.
You are near starving!
The yak gores you!
* * * LOW HITPOINT WARNING * * *
Drink which item? (? for menu, Esc to quit)
You feel much better. The yak gores you. The yak gores you.
* * * LOW HITPOINT WARNING * * *
The yak gores you!
* * * LOW HITPOINT WARNING * * *
The phantom hits you.
* * * LOW HITPOINT WARNING * * *
The phantom blinks!
The yak gores you but does no damage.
Evoke which item? (* to show all) (? for menu, Esc to quit)
Okay, then.
Read which item? (? for menu, Esc to quit)
As you read the scroll labeled VUCEBOOH RUZI, it crumbles to dust.
The creatures around you are filled with an inner flame!
It was a scroll of immolation.
The yak barely misses you. The yak gores you!
You die...

##.)...# ####÷..# ..
#.....# #...##...
####### #####........
#########...#.......#
#..$Y$..#...#W..#..##
._.$.Y.#.......#.##
....Y #...##### # ...
##§..# #'# #.@..#
#.###YY..# #......$.#
##########


You could see 2 yaks and a phantom (inner flame).

Vanquished Creatures
  Grinder (D:6)
  2 yaks (D:8)
  An ogre (D:6)
  A centaur (D:6)
  2 scorpions
  The ghost of brucemayne the Chopper, a weakling DsBe of Trog (D:4)
  5 killer bees (D:8)
  A centaur zombie (D:8)
  2 hounds
  3 worker ants
  7 adders
  2 giant geckos
  5 orcs
  5 bats
  2 giant cockroaches (D:3)
  A goblin (D:3)
  7 hobgoblins
  A quokka (D:6)
  A giant newt (D:3)
  5 jackals
  3 kobolds
  4 rats
62 creatures vanquished.

Vanquished Creatures (others)
  7 toadstools (D:1)
7 creatures vanquished.

Grand Total: 69 creatures vanquished

Notes
Turn   | Place    | Note
--------------------------------------------------------------
     0 | D:1      | brucemayne the Hill Orc Berserker began the quest for the Orb.
     0 | D:1      | Reached XP level 1. HP: 19/19 MP: 1/1
   223 | D:1      | Reached XP level 2. HP: 10/26 MP: 2/2
   276 | D:3      | Reached skill level 5 in Axes
   280 | D:3      | Reached XP level 3. HP: 5/31 MP: 3/3
   288 | D:3      | HP: 1/31 [poisoned by an adder]
   625 | D:3      | Noticed a scorpion
   630 | D:3      | Killed a scorpion
   630 | D:3      | Reached skill level 6 in Axes
   630 | D:3      | Reached XP level 4. HP: 39/39 MP: 4/4
   693 | D:3      | Reached ** piety under Trog
   698 | D:3      | Reached skill level 7 in Axes
   754 | D:4      | Reached XP level 5. HP: 45/45 MP: 5/5
   784 | D:4      | Noticed brucemayne's ghost (weakling DsBe)
   792 | D:4      | Killed brucemayne's ghost
   892 | D:4      | Reached skill level 8 in Axes
  1182 | D:4      | Reached XP level 6. HP: 44/51 MP: 6/6
  1192 | D:5      | Entered Level 5 of the Dungeon
  1245 | D:6      | Reached skill level 9 in Axes
  1348 | D:6      | Found a basalt altar of Yredelemnul.
  1454 | D:6      | Reached skill level 10 in Axes
  1454 | D:6      | Reached XP level 7. HP: 46/57 MP: 7/7
  1524 | D:6      | Noticed Grinder
  1538 | D:6      | Killed Grinder
  1538 | D:6      | Reached skill level 11 in Axes
  1808 | D:8      | Reached XP level 8. HP: 54/64 MP: 8/8
  1822 | D:8      | Reached skill level 12 in Axes
  1920 | D:8      | Found an opulent altar of Gozag.
  1920 | D:8      | Found a glowing silver altar of Zin.
  1920 | D:8      | Noticed a yak
  1920 | D:8      | Noticed a yak
  1921 | D:8      | Noticed a yak
  1936 | D:8      | Killed a yak
  1937 | D:8      | Noticed a yak
  1938 | D:8      | Killed a yak
  1938 | D:8      | Reached skill level 13 in Axes
  1946 | D:8      | HP: 2/64 [yak (13)]
  1949 | D:8      | Mangled by a yak

Vault maps used:
D:1:      nagdon_arrival_double_spiral
D:2:      uniq_iyjb
D:3:      first_bread, led_sif_pool
D:4:      serial_shops, nicolae_shop_temple_entry_statues_fountains
D:6:      yredelemnul_altar_generic, minmay_temple_entry_nine_rooms,
          serial_shops, kennysheep_mini_moat, uniq_grinder
D:7:      nicolae_overflow_crystal_walls, bloody_trog, serial_shops, shop,
          grunt_ogre_cave, hex_tiny
D:8:      grunt_temple_overflow_gold_and_silver, overflow_temple_1_default,
          old_standard_altar, grunt_lair_entry_elf_guard_hut, eino_jars,
          uniq_pikel

Action                   |  1- 3 |  4- 6 |  7- 9 || total
-------------------------+-------+-------+-------++-------
Melee: Hand axe          |    48 |    87 |   122 ||   257
Invok: Berserk           |     2 |     5 |     3 ||    10
       Trog's Hand       |       |       |     5 ||     5
Evoke: Wand              |       |       |     1 ||     1
  Use: Potion            |     1 |       |     4 ||     5
       Scroll            |       |       |     1 ||     1
  Eat: Chunk             |       |     8 |     5 ||    13
